 Dungeon Sprint DCSS version 0.14-a0-1686-g0e827d1 (webtiles) character file.

840 LoliLover the Covert (level 8, -17/123 HPs)
             Began as a Naga Assassin on Dec 30, 2013.
             Was a High Priest of Makhleb.
             Demolished by a guardian mummy (22 damage)
             ... in the Dungeon (Sprint VII: "The Pits").
             The game lasted 00:08:24 (1694 turns).

LoliLover the Covert (Naga Assassin)                Turns: 1694, Time: 00:08:26

HP -17/123       AC  5     Str 22      XL: 8   Next:  0%
MP  14/14        EV 14     Int 13      God: Makhleb [*****.]
Gold 0           SH  0     Dex 16      Spells:  0 memorised,  7 levels left

rFire  . . .     SeeInvis +     a - +2,+1 dagger
rCold  . . .     Clarity  .     c - -1 robe
rNeg   . . .     Conserve .     (no shield)
rPois  +         rCorr    .     y - +0 helmet
rElec  .         rRot     .     d - +0 cloak
SustAb . .       Spirit   .     z - +0 pair of gloves
rMut   .         Warding  .     (no barding)
Saprov . . .     NoTele   +     (no amulet)
                                w - +3 ring of strength
                                p - +3 ring of dexterity

@: berserking, quite poisoned, quick, somewhat resistant to hostile
enchantments, extremely unstealthy
A: spit poison, see invisible, deformed body, poison resistance, slowness 2, AC
+2
a: Spit Poison, Minor Destruction, Lesser Servant of Makhleb, Major Destruction,
Greater Servant of Makhleb, Renounce Religion


You were in the Dungeon.
You worshipped Makhleb.
Makhleb was extremely pleased with you.
You were hungry.

You visited 1 branch

Inventory:

Hand weapons
 a - a +2,+1 dagger (weapon)
 b - a +0 blowgun
Missiles
 e - 8 poisoned needles
 f - 2 curare-tipped needles
 q - 10 stones (quivered)
Armour
 c - a -1 robe (worn)
 d - a +0 cloak (worn)
 y - a +0 helmet (worn)
 z - a +0 pair of gloves (worn)
Comestibles
 g - 8 bread rations
 n - 40 strawberries
 o - 4 meat rations
Scrolls
 m - a scroll of blinking
 s - 2 scrolls of vulnerability
 t - 3 scrolls of remove curse
 u - 5 scrolls of amnesia
Jewellery
 p - a +3 ring of dexterity (left hand)
 w - a +3 ring of strength (right hand)
Potions
 h - 6 potions of curing
 i - 2 potions of heal wounds
 j - 2 potions of speed
 k - 3 potions of magic
 l - a potion of berserk rage
 x - a potion of restore abilities
 A - 3 potions of brilliance
Magical staves
 r - an uncursed staff of energy


   Skills:
 + Level 8.5 Fighting
 + Level 8.4 Short Blades
 - Level 1.7 Throwing
 + Level 6.8 Dodging
 + Level 13.3 Stealth
 - Level 4.8 Invocations


You had 7 spell levels left.
You didn't know any spells.

Dungeon Overview and Level Annotations

Branches:
Dungeon (1/1)

Altars:
Ashenzari
Cheibriados
Elyvilon
Fedhas
Kikubaaqudgha
Makhleb
Nemelex Xobeh
Okawaru
Sif Muna
Trog
Vehumet
Xom
Yredelemnul
Zin
the Shining One
Beogh
Jiyva
Lugonu

Annotations:
D Joseph


Innate Abilities, Weirdness & Mutations

You cannot wear boots.
You can spit poison.
Your serpentine skin is tough (AC +2).
You have supernaturally acute eyesight.
Armour fits poorly on your strangely shaped body.
Your system is resistant to poisons.
You cover ground very slowly.


Message History

You hit the giant centipede.
The giant centipede is heavily wounded.
* * * LOW HITPOINT WARNING * * *
You feel sick.
Unknown command.
You miss the giant centipede.
The giant centipede is heavily wounded.
* * * LOW HITPOINT WARNING * * *
You feel sick.
You are feeling hungry.
Your small abomination hits the green death!
The giant centipede misses you.
Your small abomination hits the guardian mummy.
You closely miss the guardian mummy.
The guardian mummy is severely damaged.
* * * LOW HITPOINT WARNING * * *
You feel sick.
The green death hits your small abomination!
The guardian mummy hits you!
You die...

..##................# ..#
..##......#..#......##..#
####................++..#
...'................++..#
####......#..#......##......z@
[[##................# .......
))#####'#####''###### #######
))##.......##x'#########
))##.......##.2.@s.....#
..##.......##..Mx......+
'###...<...##..#####...#
.)##.......##..+ ...
..##.......##..# .
####.......##..#
..###########..#
.############... %#....#...[#
.


You could see a green death, a guardian mummy, a giant centipede and 2 friendly
small abominations.

Vanquished Creatures
  A hungry ghost (D)
  A soldier ant (D)
  A porcupine (D)
  A giant frog (D)
  A jelly (D)
  A scorpion (D)
  An iron imp (D)
  An orc wizard (D)
  2 green rats (D)
  A lemure (D)
  2 giant mites (D)
  A white imp (D)
  An ooze (D)
  3 orcs (D)
  A goblin (D)
  A quokka (D)
  A ball python (D)
  A giant gecko zombie (D)
  A giant newt (D)
  A kobold (D)
  2 rats (D)
26 creatures vanquished.

Vanquished Creatures (collateral kills)
  A ynoxinul (D)
  A steam dragon (D)
  A brain worm (D)
3 creatures vanquished.

Vanquished Creatures (others)
  A small abomination (D)
1 creature vanquished.

Grand Total: 30 creatures vanquished

Notes
Turn   | Place    | Note
--------------------------------------------------------------
     0 | D        | LoliLover, the Naga Assassin, began the quest for the Orb.
     0 | D        | Reached XP level 1. HP: 19/19 MP: 1/1
    11 | D        | Reached skill level 1 in Dodging
    11 | D        | Reached skill level 6 in Stealth
    41 | D        | Found a basalt altar of Yredelemnul.
    41 | D        | Found a deep blue altar of Sif Muna.
    41 | D        | Found a burning altar of Makhleb.
    41 | D        | Found a shimmering altar of Xom.
    41 | D        | Found an ancient bone altar of Kikubaaqudgha.
    41 | D        | Found a sparkling altar of Nemelex Xobeh.
    42 | D        | Found a glowing golden altar of the Shining One.
    42 | D        | Found a bloodstained altar of Trog.
    42 | D        | Found a shattered altar of Ashenzari.
    42 | D        | Found a white marble altar of Elyvilon.
    42 | D        | Found a snail-covered altar of Cheibriados.
    42 | D        | Found a blossoming altar of Fedhas.
    42 | D        | Found a radiant altar of Vehumet.
    42 | D        | Found a glowing silver altar of Zin.
    42 | D        | Found a corrupted altar of Lugonu.
    42 | D        | Found a viscous altar of Jiyva.
    42 | D        | Found a roughly hewn altar of Beogh.
    42 | D        | Found an iron altar of Okawaru.
    45 | D        | Became a worshipper of Makhleb the Destroyer
    76 | D        | Acquired Makhleb's first power
   223 | D        | Reached XP level 2. HP: 10/28 MP: 2/2
   225 | D        | Acquired Makhleb's second power
   235 | D        | Reached skill level 7 in Stealth
   235 | D        | Reached XP level 3. HP: 18/34 MP: 3/3
   246 | D        | Acquired Makhleb's third power
   375 | D        | Noticed a jelly
   527 | D        | Noticed a hungry ghost
   537 | D        | Noticed an orc wizard
   549 | D        | Reached skill level 1 in Invocations
   565 | D        | Killed an orc wizard
   565 | D        | Acquired Makhleb's fourth power
   565 | D        | Reached skill level 8 in Stealth
   565 | D        | Reached XP level 4. HP: 30/44 MP: 5/5
   590 | D        | Killed a jelly
   602 | D        | Reached skill level 9 in Stealth
   843 | D        | Killed a hungry ghost
   843 | D        | Acquired Makhleb's fifth power
   843 | D        | Reached skill level 5 in Short Blades
   843 | D        | Reached skill level 10 in Stealth
   843 | D        | Reached XP level 5. HP: 23/55 MP: 5/9
   843 | D        | Reached XP level 6. HP: 26/62 MP: 6/11
   984 | D        | Noticed a scorpion
  1022 | D        | Killed a scorpion
  1208 | D        | Noticed a soldier ant
  1210 | D        | Killed a soldier ant
  1210 | D        | Reached skill level 5 in Dodging
  1210 | D        | Reached skill level 11 in Stealth
  1212 | D        | Noticed an iron imp
  1212 | D        | Noticed a giant frog
  1236 | D        | Killed a giant frog
  1236 | D        | Reached XP level 7. HP: 42/72 MP: 13/13
  1250 | D        | Killed an iron imp
  1250 | D        | Reached skill level 12 in Stealth
  1464 | D        | Noticed a ynoxinul
  1464 | D        | Noticed a steam dragon
  1466 | D        | Noticed a brain worm
  1482 | D        | Killed a ynoxinul
  1484 | D        | Killed a steam dragon
  1489 | D        | Killed a brain worm
  1489 | D        | Reached skill level 13 in Stealth
  1656 | D        | Noticed a guardian mummy
  1663 | D        | Noticed a flaming corpse
  1664 | D        | Noticed Joseph
  1676 | D        | Noticed a porcupine
  1679 | D        | Killed a porcupine
  1679 | D        | Reached XP level 8. HP: 80/82 MP: 14/14
  1684 | D        | Noticed a green death
  1693 | D        | HP: 6/123 [poisoned by a green death (poison arrow)]
  1694 | D        | Demolished by a guardian mummy

Action                   |  1- 3 |  4- 6 |  7- 9 || total
-------------------------+-------+-------+-------++-------
Melee: Dagger            |    70 |   114 |    35 ||   219
Invok: Greater Servant o |       |       |     2 ||     2
       Major Destruction |       |       |     1 ||     1
 Abil: Spit Poison       |       |     3 |     1 ||     4
  Use: Potion            |     3 |     3 |     3 ||     9
       Scroll            |       |       |     1 ||     1
 Stab: Sleeping          |     4 |     1 |     1 ||     6
       Invisible         |     2 |       |       ||     2
